[Event "Titled Tuesday Blitz April 18 Late 2023"]
[White "Manu_ChessExcelsior"]
[Black "Dubreuil, Julien"]
[BlackFideId "621285"]
[WhiteElo "1985"]
[BlackElo "2182"]
[Result "0-1"]
[Round "09"]
[TimeControl "180+2"]
[Date "2023.04.18"]
[WhiteClock "0:00:02"]
[BlackClock "0:00:07"]

1. e4 e6 2. d4 a6 3. Nf3 d5 4. e5 Bd7 5. Bd3 Bb5 6. O-O h6 7. c3 Bxd3 8. Qxd3 c5 9. h3 Nc6 10. a3 Nge7 11. Bf4 cxd4 12. cxd4 Qb6 13. b4 Nf5 14. Rd1 g5 15. Be3 Rg8 16. Nc3 g4 17. hxg4 Rxg4 18. Na4 Qd8 19. Rac1 Nh4 20. Ne1 Rc8 21. Nc5 Bxc5 22. Rxc5 Kd7 23. b5 axb5 24. Qxb5 Rxg2+ 25. Nxg2 Qg8 26. Rxd5+ Ke8 27. Kf1 Qxg2+ 28. Ke2 Qf3+ 29. Kd2 Qxd5 30. Qxb7 Nf3+ 31. Ke2 Rb8 32. Qa6 Rb2+ 33. Kf1 Nh2+ 34. Kg1 Nf3+ 35. Kf1 Nfxe5 36. Qc8+ Ke7 37. Qc7+ Nd7 38. Rc1 Qh1# 0-1


[Site "https://www.chess.com"]

[Event "Titled Tuesday Blitz April 18 Late 2023"]
[White "Marin Masis, Jose Esteban"]
[Black "Vargas, Mauricio"]
[WhiteFideId "6508146"]
[BlackFideId "4404572"]
[WhiteElo "1838"]
[BlackElo "1998"]
[Result "1-0"]
[Round "09"]
[TimeControl "180+2"]
[Date "2023.04.18"]
[WhiteClock "0:01:06"]
[BlackClock "0:00:04"]

1. e4 c6 2. d4 d5 3. exd5 cxd5 4. c4 Nc6 5. Nf3 Nf6 6. Nc3 Bg4 7. Be3 e6 8. Be2 a6 9. O-O dxc4 10. Bxc4 b5 11. Be2 Rc8 12. Rc1 Bd6 13. h3 Bf5 14. Nxb5 axb5 15. Bxb5 Qb6 16. Qa4 Be4 17. d5 Bxd5 18. Bxb6 O-O 19. Bxc6 Bxc6 20. Rxc6 Ra8 21. Qc2 Bf4 22. a4 Nd5 23. Bc5 Rfd8 24. g3 Bh6 25. b4 g6 26. a5 Bg7 27. Qb3 Rab8 28. Bb6 Re8 29. Rc5 Nxb6 30. axb6 Rxb6 31. Rfc1 Reb8 32. Rc8+ Bf8 33. Rxb8 Rxb8 34. Rc7 Rxb4 35. Qc2 Rb8 36. Rc8 Rxc8 37. Qxc8 Kg7 38. h4 h5 39. Kg2 Be7 40. Ng5 1-0


[Site "https://www.chess.com"]

[Event "Titled Tuesday Blitz April 18 Late 2023"]
[White "Novikova, Galina"]
[Black "Brod, Manfred"]
[WhiteFideId "4157095"]
[BlackFideId "1602110"]
[WhiteElo "1953"]
[BlackElo "2078"]
[Result "1-0"]
[Round "09"]
[TimeControl "180+2"]
[Date "2023.04.18"]
[WhiteClock "0:01:33"]
[BlackClock "0:00:44"]

1. e4 e6 2. Nf3 d5 3. e5 c5 4. b4 cxb4 5. a3 bxa3 6. Nxa3 Nc6 7. c3 Bd7 8. d4 h6 9. Bd3 a6 10. O-O Rc8 11. Nd2 Na5 12. Bb2 b5 13. f4 g6 14. Kh1 h5 15. Qc2 Rh6 16. Nf3 Nc4 17. Nxc4 b4 18. Nd6+ Bxd6 19. exd6 Bb5 20. Bxb5+ axb5 21. Qd2 Qxd6 22. cxb4 Ne7 23. Ne5 Nf5 24. Rfc1 Rd8 25. Rc6 Qb8 26. Rac1 Kf8 27. Qc3 Kg7 28. Rc8 Qb6 29. Rxd8 Qxd8 30. Qc7 Qf6 31. Qc2 h4 32. Qd3 Ng3+ 33. Kg1 Ne4 34. Rc7 Nd6 35. Bc1 g5 36. fxg5 1-0


[Site "https://www.chess.com"]

[Event "Titled Tuesday Blitz April 18 Late 2023"]
[White "Kraus, Tomas"]
[Black "BebeBonito2022"]
[WhiteFideId "331708"]
[WhiteElo "2389"]
[BlackElo "2175"]
[Result "1-0"]
[Round "09"]
[TimeControl "180+2"]
[Date "2023.04.18"]
[WhiteClock "0:00:40"]
[BlackClock "0:00:20"]

1. e4 e5 2. Nf3 Nc6 3. Bc4 Nf6 4. d3 Bc5 5. O-O a6 6. c3 Ba7 7. Re1 h6 8. Nbd2 d6 9. Bb3 O-O 10. Nf1 Be6 11. Bc2 d5 12. Qe2 d4 13. h3 Re8 14. g4 Bc5 15. Ng3 Bf8 16. c4 g6 17. a3 a5 18. Bd2 Nd7 19. Kh1 a4 20. Rg1 Kh7 21. Rg2 Nc5 22. Rag1 Bxc4 23. Nf5 Be6 24. N3h4 b5 25. g5 h5 26. Ng3 Bxh3 27. Rh2 Qd7 28. Nxh5 Kg8 29. Nf6+ 1-0


[Site "https://www.chess.com"]

[Event "Titled Tuesday Blitz April 18 Late 2023"]
[White "Manfroi, Alexander Giannini"]
[Black "Sanchez, Robert"]
[WhiteFideId "22739335"]
[BlackFideId "2034360"]
[WhiteElo "1618"]
[BlackElo "1960"]
[Result "1-0"]
[Round "09"]
[TimeControl "180+2"]
[Date "2023.04.18"]
[WhiteClock "0:00:21"]
[BlackClock "0:01:58"]

1. d4 a5 2. Bf4 a4 3. a3 e6 4. Nc3 d5 5. e3 Nf6 6. Nf3 Bd6 7. Bg3 O-O 8. Bd3 Qe7 9. Ne5 Nc6 10. f4 Nd7 11. Qh5 g6 12. Qh6 f6 13. Ng4 Qg7 14. O-O Nb6 15. Rae1 Bd7 16. Nb5 e5 17. Qxg7+ Kxg7 18. dxe5 fxe5 19. Nxd6 cxd6 20. Nf2 e4 21. Be2 Na5 22. Rd1 Bc6 23. Bg4 Nac4 24. Rfe1 Nxb2 25. Rb1 N2c4 26. Be6 Rae8 27. Bh3 Nd7 28. Nd1 Nxa3 29. Rb4 Nxc2 1-0


[Site "https://www.chess.com"]

[Event "Titled Tuesday Blitz April 18 Late 2023"]
[White "Carlsen, Magnus"]
[Black "Vachier-Lagrave, Maxime"]
[WhiteFideId "1503014"]
[BlackFideId "623539"]
[WhiteElo "2852"]
[BlackElo "2740"]
[Result "1-0"]
[Round "10"]
[TimeControl "180+2"]
[Date "2023.04.18"]
[WhiteClock "0:01:43"]
[BlackClock "0:00:16"]

1. d4 Nf6 2. Bf4 c5 3. d5 d6 4. Nc3 e5 5. Bd2 e4 6. Bf4 h6 7. e3 g5 8. Bg3 Bg7 9. h4 a6 10. hxg5 hxg5 11. Rxh8+ Bxh8 12. Nh3 g4 13. Nf4 Nbd7 14. a4 Qb6 15. Qc1 Qa5 16. Qd2 b6 17. Be2 Ne5 18. Nb1 Rb8 19. Qxa5 bxa5 20. Ra2 c4 21. Nd2 c3 22. bxc3 Ke7 23. Nb3 Nfd7 24. Kd2 Nc5 25. Nxc5 dxc5 26. Ra1 Rb2 27. Rh1 Bf6 28. Nh5 Bd7 29. Nxf6 Bxa4 30. Ra1 Rxc2+ 31. Ke1 Kxf6 32. Bxe5+ Kxe5 33. Rxa4 1-0


[Site "https://www.chess.com"]

[Event "Titled Tuesday Blitz April 18 Late 2023"]
[White "Caruana, Fabiano"]
[Black "Firouzja, Alireza"]
[WhiteFideId "2020009"]
[BlackFideId "12573981"]
[WhiteElo "2837"]
[BlackElo "2904"]
[Result "0-1"]
[Round "10"]
[TimeControl "180+2"]
[Date "2023.04.18"]
[WhiteClock "0:00:02"]
[BlackClock "0:00:08"]

1. e4 c6 2. d4 d5 3. exd5 cxd5 4. Bd3 Nf6 5. c3 Bg4 6. Qb3 Qc7 7. h3 Bd7 8. Nf3 Nc6 9. O-O e6 10. Re1 Bd6 11. Nbd2 O-O 12. Nf1 Rfe8 13. Qd1 h6 14. a4 Re7 15. Ne3 Rae8 16. b4 e5 17. b5 exd4 18. cxd4 Nb4 19. Ba3 a5 20. Rc1 Qb8 21. Bb1 Bf4 22. Qb3 Bxh3 23. Ne5 Bc8 24. Bxb4 axb4 25. Qxb4 Bxe5 26. dxe5 Qxe5 27. a5 d4 28. Nc2 Qg5 29. Rxe7 Qxc1+ 30. Re1 Rxe1+ 31. Qxe1 Qb2 32. Nb4 Qa3 33. a6 bxa6 34. b6 a5 35. Nc6 Bb7 36. Nd8 Bd5 37. b7 Qb2 38. Bf5 Bxb7 39. Qe7 Qc1+ 40. Kh2 Qf4+ 41. Kg1 Bd5 42. Bd3 Qc1+ 43. Kh2 Qf4+ 44. Kg1 g6 0-1


[Site "https://www.chess.com"]

[Event "Titled Tuesday Blitz April 18 Late 2023"]
[White "Djordjevic, Vuk"]
[Black "Paravyan, David"]
[WhiteFideId "902098"]
[BlackFideId "4194985"]
[WhiteElo "2452"]
[BlackElo "2563"]
[Result "0-1"]
[Round "10"]
[TimeControl "180+2"]
[Date "2023.04.18"]
[WhiteClock "0:00:01"]
[BlackClock "0:00:28"]

1. d4 Nf6 2. Bg5 c6 3. Bxf6 exf6 4. c4 d5 5. cxd5 Qxd5 6. Nc3 Qa5 7. e3 Bd6 8. g3 h5 9. h4 g6 10. Bg2 Kf8 11. Nf3 Kg7 12. O-O Bg4 13. Qb3 Qb6 14. Qc2 Nd7 15. Nd2 Be6 16. Nce4 Be7 17. Nc4 Qd8 18. Rfd1 Bd5 19. a3 Qc7 20. b4 b6 21. Rac1 Rac8 22. Nb2 Qb7 23. Na4 f5 24. Nec3 Bxg2 25. Kxg2 c5+ 26. d5 cxb4 27. axb4 Bxb4 28. Qb2 Bd6 29. f4 Nf6 30. e4 fxe4 31. Nxe4 Qe7 32. Nac3 Ba3 33. Qa1 Bxc1 34. Rxc1 Rhd8 35. Re1 Qb4 36. Nxf6 Qxc3 37. Qxc3 Rxc3 38. Ne8+ Kf8 39. Nf6 Rcc8 0-1


[Site "https://www.chess.com"]

[Event "Titled Tuesday Blitz April 18 Late 2023"]
[White "Yoo, Christopher Woojin"]
[Black "Nakamura, Hikaru"]
[WhiteFideId "30909694"]
[BlackFideId "2016192"]
[WhiteElo "2519"]
[BlackElo "2885"]
[Result "1/2-1/2"]
[Round "10"]
[TimeControl "180+2"]
[Date "2023.04.18"]
[WhiteClock "0:00:11"]
[BlackClock "0:00:05"]

1. e4 e5 2. Nf3 Nc6 3. Bc4 Nf6 4. Ng5 d5 5. exd5 Na5 6. Bb5+ c6 7. dxc6 bxc6 8. Bd3 Nd5 9. h4 h6 10. Qh5 Qf6 11. Ne4 Qe6 12. Ng5 Qf6 13. Ne4 Qe7 14. g3 Nb4 15. Nec3 g6 16. Qe2 f5 17. a3 Nxd3+ 18. Qxd3 Bg7 19. b4 Nb7 20. Bb2 O-O 21. Qe2 a5 22. b5 a4 23. bxc6 Nd6 24. Nd5 Qf7 25. c4 Ba6 26. d3 e4 27. Bxg7 Qxg7 28. Nbc3 Rae8 29. O-O exd3 30. Qxd3 Bxc4 31. Qf3 Bxf1 32. Rxf1 Ne4 33. Nxe4 fxe4 34. Qg4 h5 35. Qe2 Re5 36. c7 Kh7 37. Qc4 Rc8 38. Qa6 Rxc7 39. Nxc7 Qxc7 40. Qxa4 e3 41. Qf4 e2 42. Re1 Qc3 43. Qf7+ Kh6 44. Qf8+ Kh7 45. Qf7+ Kh6 46. Qf8+ Kh7 47. Qf7+ 1/2-1/2


[Site "https://www.chess.com"]

[Event "Titled Tuesday Blitz April 18 Late 2023"]
[White "Duda, Jan-Krzysztof"]
[Black "Kramnik, Vladimir"]
[WhiteFideId "1170546"]
[BlackFideId "4101588"]
[WhiteElo "2790"]
[BlackElo "2712"]
[Result "1-0"]
[Round "10"]
[TimeControl "180+2"]
[Date "2023.04.18"]
[WhiteClock "0:00:03"]
[BlackClock "0:00:01"]

1. d4 d5 2. c4 c6 3. Nf3 Nf6 4. Nc3 e6 5. e3 Nbd7 6. Qc2 Bd6 7. Bd3 O-O 8. O-O dxc4 9. Bxc4 b5 10. Bd3 Bb7 11. a3 h6 12. Rd1 Qc7 13. e4 e5 14. h3 Rfe8 15. Be3 a6 16. dxe5 Nxe5 17. Nxe5 Bxe5 18. b4 Rad8 19. Rac1 Bf4 20. Bxf4 Qxf4 21. Ne2 Qh4 22. f3 Nh5 23. Qc3 Bc8 24. Bb1 Be6 25. Qe3 Bc4 26. Bd3 Bb3 27. Rd2 Rd6 28. Nd4 Rxd4 29. Qxd4 Qg5 30. Bf1 Nf4 31. Kh2 Ne6 32. Qf2 Qf4+ 33. g3 Qe5 34. Bg2 g5 35. Rxc6 Bc4 36. Rxa6 h5 37. h4 gxh4 38. f4 Qc3 39. gxh4 Kh7 40. Ra7 Rg8 41. Rxf7+ Kh8 42. Rf5 Rg7 43. Rxh5+ Kg8 44. Bh3 Rg6 45. Rg5 Nxg5 46. hxg5 Rg7 47. Rd8+ 1-0


[Site "https://www.chess.com"]

[Event "Titled Tuesday Blitz April 18 Late 2023"]
[White "Ibrahimli, Murad"]
[Black "Bluebaum, Matthias"]
[WhiteFideId "13410229"]
[BlackFideId "24651516"]
[WhiteElo "2364"]
[BlackElo "2638"]
[Result "1/2-1/2"]
[Round "10"]
[TimeControl "180+2"]
[Date "2023.04.18"]
[WhiteClock "0:00:16"]
[BlackClock "0:00:17"]

1. d4 d5 2. c4 e6 3. Nf3 Nf6 4. Nc3 Bb4 5. cxd5 exd5 6. Bg5 h6 7. Bh4 O-O 8. e3 Bf5 9. Qb3 Bxc3+ 10. bxc3 Nbd7 11. Be2 c5 12. O-O c4 13. Qxb7 Qb6 14. Qxb6 axb6 15. a4 Ra7 16. Ra3 Rfa8 17. Rfa1 Bc2 18. Nd2 Ra5 19. Bg3 b5 20. Rc1 Bg6 21. Bd1 bxa4 22. Bd6 R5a6 23. Bb4 Nb6 24. f3 Bd3 25. Rca1 Ne8 26. e4 Nc7 27. Kf2 Nb5 28. R3a2 a3 29. Rc1 Re8 30. e5 Na4 31. Bxa4 Rxa4 32. Bc5 Rb8 33. Ke3 Rba8 34. f4 h5 35. g3 Bf5 36. Kf2 Rb8 37. Ke3 Rb7 38. Nf3 Nxc3 39. Rxc3 Rb3 40. Rxb3 cxb3 41. Rxa3 b2 42. Nd2 Rxa3+ 43. Bxa3 b1=Q 44. Nxb1 Bxb1 45. Bd6 Bf5 46. Kf3 Bh3 47. Ke3 Bf5 48. Kd2 Kh7 49. Bf8 Be6 50. Kc3 Kg8 51. Be7 Kh7 52. Kb4 Kg6 53. Kc5 Kf5 54. Bf8 g5 55. fxg5 Kxg5 56. Be7+ Kg4 57. h4 Kxg3 58. Bg5 Kf3 59. Bf6 Ke4 60. Bg5 Kf5 61. Bf6 Kf4 62. Bg5+ Ke4 63. Bf6 Kf5 64. Bg5 Ke4 65. Bf6 Kf5 66. Bg5 Ke4 1/2-1/2


[Site "https://www.chess.com"]

[Event "Titled Tuesday Blitz April 18 Late 2023"]
[White "Suleymanli, Aydin"]
[Black "Andreikin, Dmitry"]
[WhiteFideId "13413937"]
[BlackFideId "4158814"]
[WhiteElo "2559"]
[BlackElo "2736"]
[Result "0-1"]
[Round "10"]
[TimeControl "180+2"]
[Date "2023.04.18"]
[WhiteClock "0:00:02"]
[BlackClock "0:00:04"]

1. e4 c5 2. Nf3 Nc6 3. Bb5 Nf6 4. Nc3 e5 5. d3 d6 6. a4 Be7 7. O-O O-O 8. h3 Nd4 9. Bc4 Be6 10. Bg5 Nd7 11. Bxe7 Qxe7 12. Nd2 Qg5 13. Kh1 Nf6 14. Nb5 Bg4 15. f3 Bd7 16. Nxd6 Nh5 17. Rf2 Qh4 18. Kg1 Nf4 19. c3 Qg3 20. Kf1 Bxh3 21. gxh3 Rad8 22. Nf5 Qxh3+ 23. Ke1 Nxf5 24. exf5 Rxd3 25. Bxd3 Nxd3+ 26. Ke2 Nxf2 27. Kxf2 Qh2+ 28. Ke3 Rd8 29. Qe1 c4 30. Nxc4 Qf4+ 31. Kf2 Qxc4 32. Rd1 Qh4+ 33. Kg2 Qg5+ 34. Kf2 h5 35. Rxd8+ Qxd8 36. Qxe5 Qd2+ 37. Kg3 Qg5+ 38. Kh3 h4 39. Kh2 Kh7 40. Qe4 Qg3+ 41. Kh1 Kh6 42. a5 h3 43. b4 Qg2# 0-1


[Site "https://www.chess.com"]

[Event "Titled Tuesday Blitz April 18 Late 2023"]
[White "Bartel, Mateusz"]
[Black "Rasulov, Vugar"]
[WhiteFideId "1112635"]
[BlackFideId "13402390"]
[WhiteElo "2521"]
[BlackElo "2509"]
[Result "1-0"]
[Round "10"]
[TimeControl "180+2"]
[Date "2023.04.18"]
[WhiteClock "0:00:05"]
[BlackClock "0:00:01"]

1. e4 c5 2. Nf3 d6 3. c3 Nf6 4. Bd3 Nc6 5. Bc2 e5 6. h3 Be7 7. a3 O-O 8. O-O d5 9. d3 dxe4 10. dxe4 b6 11. Qe2 a5 12. Rd1 Ba6 13. Qe1 Qc7 14. Bg5 Rfd8 15. Nbd2 Nh5 16. Bxe7 Qxe7 17. g3 Qf6 18. Qe3 Rac8 19. Nf1 Nd4 20. Ne1 Nf4 21. cxd4 cxd4 22. Qd2 Nxh3+ 23. Kg2 Ng5 24. Bd3 Bb7 25. f3 h5 26. Rac1 h4 27. Rxc8 Bxc8 28. gxh4 Nh3 29. Kh1 Qxh4 30. Ng2 Qf2 31. Qe2 Qxe2 32. Bxe2 d3 33. Kh2 Nf2 34. Rd2 Be6 35. Kg3 Nh1+ 36. Kh2 Nf2 37. Bd1 Nxd1 38. Rxd1 Rc8 39. Rd2 Rc1 40. Nge3 b5 41. Rxd3 b4 42. axb4 axb4 43. Rd2 b3 44. Kg3 g6 45. Kf2 Kg7 46. Ng3 Rb1 47. Ne2 Rh1 48. Kg2 Rb1 49. Nc3 Rc1 50. Kg3 Rg1+ 51. Rg2 Re1 52. Kf2 Rc1 53. Ke2 Ra1 54. Kd3 Kf6 55. Ncd5+ Kg7 56. Kc3 Re1 57. Kd2 Rb1 58. Kd3 Re1 59. Re2 Rg1 60. Kc3 Rg3 61. Rf2 Kh6 62. Kxb3 Kg5 63. Kc2 Rg1 64. b4 f5 65. b5 f4 66. Nc4 Ra1 67. Kb2 Ra8 68. Nxe5 Rb8 69. Nc3 Kf6 70. Nc6 Rb7 71. Nd4 Bc4 72. Ka3 Ke5 73. Rd2 g5 74. Kb4 Bf1 75. Nc6+ Ke6 76. Kc5 Bxb5 77. Nxb5 Kf6 78. e5+ Kg6 79. e6 Kf6 80. e7 1-0


[Site "https://www.chess.com"]

[Event "Titled Tuesday Blitz April 18 Late 2023"]
[White "Manukyan, Sargis A."]
[Black "Hakobyan, Aram"]
[WhiteFideId "13303970"]
[BlackFideId "13306677"]
[WhiteElo "2187"]
[BlackElo "2584"]
[Result "0-1"]
[Round "10"]
[TimeControl "180+2"]
[Date "2023.04.18"]
[WhiteClock "0:00:38"]
[BlackClock "0:02:05"]

1. d4 g6 2. c4 Bg7 3. Nf3 Nf6 4. Nc3 O-O 5. h3 c5 6. d5 d6 7. e4 e5 8. dxe6 Bxe6 9. Be2 Nc6 10. O-O Qb6 11. Nd5 Bxd5 12. exd5 Nd4 13. Nxd4 cxd4 14. Bd3 Nd7 15. b3 Rae8 16. Bf4 f5 17. Qd2 Nc5 18. f3 Re3 19. Bc2 Rfe8 20. Kh1 Re2 21. Qd1 d3 22. Bxd3 Nxd3 23. Qxd3 Bxa1 24. Rxa1 Qf2 25. Rg1 Re1 26. Rxe1 Rxe1+ 27. Kh2 Re2 0-1


[Site "https://www.chess.com"]

[Event "Titled Tuesday Blitz April 18 Late 2023"]
[White "Xiong, Jeffery"]
[Black "Sadhwani, Raunak"]
[WhiteFideId "2047640"]
[BlackFideId "35093487"]
[WhiteElo "2726"]
[BlackElo "2631"]
[Result "0-1"]
[Round "10"]
[TimeControl "180+2"]
[Date "2023.04.18"]
[WhiteClock "0:00:31"]
[BlackClock "0:01:40"]

1. e4 e5 2. Nf3 Nc6 3. d4 exd4 4. Nxd4 Nf6 5. Nc3 Bb4 6. Nxc6 bxc6 7. Bd3 O-O 8. O-O d5 9. exd5 cxd5 10. h3 Rb8 11. a3 Be7 12. Nb5 c5 13. Nxa7 Bd7 14. a4 Ra8 15. Nb5 c4 16. Bxc4 dxc4 17. Be3 Bc6 18. Qe2 Qd5 19. f3 Bxb5 20. axb5 Rxa1 21. Rxa1 Qxb5 22. b3 Rc8 23. Bf2 Bc5 24. bxc4 Bxf2+ 25. Kxf2 Qc5+ 26. Kf1 Nh5 27. Qf2 Qxc4+ 28. Kg1 g6 29. Rd1 Nf4 0-1


[Site "https://www.chess.com"]

[Event "Titled Tuesday Blitz April 18 Late 2023"]
[White "Martinez Alcantara, Jose Eduardo"]
[Black "Pichot, Alan"]
[WhiteFideId "3805662"]
[BlackFideId "110973"]
[WhiteElo "2711"]
[BlackElo "2573"]
[Result "1-0"]
[Round "10"]
[TimeControl "180+2"]
[Date "2023.04.18"]
[WhiteClock "0:00:33"]
[BlackClock "0:00:06"]

1. e4 c5 2. Nf3 e6 3. c3 Nf6 4. Bd3 d5 5. e5 c4 6. Bc2 Nfd7 7. d4 cxd3 8. Bxd3 Nc6 9. Bf4 Be7 10. h4 Qb6 11. b4 a5 12. b5 Ncb8 13. a4 Nc5 14. Bc2 Ne4 15. Qe2 Nd7 16. O-O Ndc5 17. c4 O-O 18. Rd1 Rd8 19. Qe3 h6 20. Nbd2 Qa7 21. Nxe4 Nxe4 22. Qxa7 Rxa7 23. Be3 Ra8 24. Bb6 Rd7 25. Bxe4 dxe4 26. Nd2 f5 27. exf6 gxf6 28. Nxe4 f5 29. Nc5 Bxc5 30. Bxc5 Kf7 31. Bb6 e5 32. Rd5 Rxd5 33. cxd5 Bd7 34. Re1 e4 35. Kh2 Rc8 36. Bxa5 Ra8 37. Bd2 Rxa4 38. Bxh6 Bxb5 39. Be3 Bc4 40. Rd1 Bd3 41. Rc1 Bc4 42. d6 Ke6 43. Bf4 b5 44. h5 Ra7 45. h6 Kf6 46. Kg3 Rd7 47. Rh1 Kg6 48. h7 1-0


[Site "https://www.chess.com"]

[Event "Titled Tuesday Blitz April 18 Late 2023"]
[White "Lazavik, Denis"]
[Black "Quesada Perez, Yasser"]
[WhiteFideId "13515110"]
[BlackFideId "3509362"]
[WhiteElo "2560"]
[BlackElo "2496"]
[Result "1-0"]
[Round "10"]
[TimeControl "180+2"]
[Date "2023.04.18"]
[WhiteClock "0:00:15"]
[BlackClock "0:00:05"]

1. d4 Nf6 2. c4 e6 3. Nf3 Bb4+ 4. Bd2 Bxd2+ 5. Qxd2 b6 6. g3 Bb7 7. Bg2 O-O 8. O-O d6 9. Qf4 Nbd7 10. Nc3 Qe7 11. e4 e5 12. Qe3 Rfe8 13. Rfe1 g6 14. Rad1 Nf8 15. h3 c6 16. b3 Kg7 17. Qd2 Rad8 18. Qb2 a6 19. a4 Qc7 20. Nb1 N6d7 21. Nbd2 Ne6 22. Nf1 c5 23. dxe5 dxe5 24. N3d2 Nd4 25. Ne3 Nf6 26. Nd5 Bxd5 27. exd5 a5 28. Re3 Qd7 29. Rde1 Qf5 30. Nf3 Qc2 31. Qa3 e4 32. Nh2 Nf5 33. R3e2 Qd3 34. Nf1 Qd4 35. Qc1 h6 36. Qf4 Nd6 37. Rd2 Qc3 38. Qe3 Qxe3 39. Nxe3 Nd7 40. Nd1 f5 41. Nc3 Ne5 42. Ne2 Nd3 43. Red1 g5 44. f3 exf3 45. Bxf3 Nb4 46. Kf2 Re5 47. Nc3 Kf6 48. Nb5 Nxb5 49. axb5 Rd6 50. Re1 Rxe1 51. Kxe1 Ke5 52. Re2+ Kd4 53. Re6 Nd3+ 54. Kd2 Rd8 55. Rxb6 Ne5 56. Be2 f4 57. gxf4 gxf4 58. Rf6 Ke4 59. b6 f3 60. Bd1 a4 61. Bc2+ Kd4 62. Rf4# 1-0


[Site "https://www.chess.com"]

[Event "Titled Tuesday Blitz April 18 Late 2023"]
[White "Llorente Zaro, Alfonso"]
[Black "Sarana, Alexey"]
[WhiteFideId "2254131"]
[BlackFideId "24133795"]
[WhiteElo "2485"]
[BlackElo "2714"]
[Result "0-1"]
[Round "10"]
[TimeControl "180+2"]
[Date "2023.04.18"]
[WhiteClock "0:01:32"]
[BlackClock "0:00:41"]

1. e4 d6 2. d4 Nf6 3. Nc3 Nbd7 4. Nf3 e5 5. Bc4 Be7 6. O-O c6 7. a4 a5 8. Re1 h6 9. b3 Qc7 10. Ba3 O-O 11. dxe5 Nxe5 12. Be2 Re8 13. Qd2 Nxf3+ 14. Bxf3 Be6 15. Rad1 Rad8 16. Qf4 Nh7 17. Rd3 Rd7 18. Red1 Red8 19. h4 Nf8 20. g3 Ng6 21. Qe3 Ne5 22. R3d2 d5 23. exd5 Nxf3+ 24. Qxf3 Bxa3 25. dxe6 Rxd2 0-1


[Site "https://www.chess.com"]

[Event "Titled Tuesday Blitz April 18 Late 2023"]
[White "Smirnov, Pavel"]
[Black "Deac, Bogdan-Daniel"]
[WhiteFideId "4123425"]
[BlackFideId "1226380"]
[WhiteElo "2519"]
[BlackElo "2649"]
[Result "0-1"]
[Round "10"]
[TimeControl "180+2"]
[Date "2023.04.18"]
[WhiteClock "0:00:02"]
[BlackClock "0:00:05"]

1. d4 Nf6 2. c4 e6 3. g3 d5 4. Nf3 Be7 5. Bg2 O-O 6. Nc3 dxc4 7. Ne5 Qd6 8. O-O Qa6 9. a4 Bd7 10. Qc2 Rd8 11. b4 cxb3 12. Qxb3 Nc6 13. Nb5 Rac8 14. Bf4 Na5 15. Qc2 Be8 16. Nd3 c6 17. Nc7 Qc4 18. Qxc4 Nxc4 19. Nxe8 Nxe8 20. Ne5 Nxe5 21. dxe5 a5 22. Rab1 Bb4 23. Rfc1 Nc7 24. e4 Na6 25. Be3 Rd3 26. Bf1 Ra3 27. Bxa6 bxa6 28. Rc4 Rxa4 29. Rbc1 c5 30. Bxc5 Rxc5 31. Rxc5 Bxc5 32. Rxc5 g5 33. f3 Ra2 34. g4 a4 35. Ra5 Kf8 36. Rxa6 a3 37. h3 Ke7 38. Kf1 Kd7 39. Ke1 Kc7 40. Kd1 Kb7 41. Ra4 Ra1+ 42. Kc2 a2 43. Ra3 Rf1 44. Rxa2 Rxf3 0-1


[Site "https://www.chess.com"]

[Event "Titled Tuesday Blitz April 18 Late 2023"]
[White "Djokic, Mihailo"]
[Black "Moussard, Jules"]
[WhiteFideId "976440"]
[BlackFideId "642908"]
[WhiteElo "2294"]
[BlackElo "2610"]
[Result "0-1"]
[Round "10"]
[TimeControl "180+2"]
[Date "2023.04.18"]
[WhiteClock "0:00:04"]
[BlackClock "0:00:32"]

1. e4 c5 2. Nf3 d6 3. d4 cxd4 4. Nxd4 Nf6 5. Nc3 a6 6. Rg1 h5 7. h3 e6 8. g4 hxg4 9. hxg4 b5 10. g5 Nfd7 11. g6 Qf6 12. gxf7+ Qxf7 13. Be2 Nc5 14. a3 Bb7 15. Bg4 Nc6 16. b4 Nxd4 17. Qxd4 Nd7 18. f4 Be7 19. Be3 Bh4+ 20. Kd2 Bf6 21. Qd3 Rc8 22. Bd4 Bxd4 23. Qxd4 Qxf4+ 24. Kd1 Qe5 25. Ne2 Bxe4 26. Qxe5 Nxe5 27. Bxe6 Rxc2 28. Rxg7 Rh1+ 29. Rg1 Rxg1+ 30. Nxg1 Rh2 31. Rc1 Nd3 32. Rc8+ Ke7 33. Bb3 Rg2 34. Nh3 Bf3# 0-1


[Site "https://www.chess.com"]

[Event "Titled Tuesday Blitz April 18 Late 2023"]
[White "Eljanov, Pavel"]
[Black "Mendez Fortes, Eduardo Jesus"]
[WhiteFideId "14102951"]
[BlackFideId "3502376"]
[WhiteElo "2598"]
[BlackElo "2307"]
[Result "0-1"]
[Round "10"]
[TimeControl "180+2"]
[Date "2023.04.18"]
[WhiteClock "0:00:01"]
[BlackClock "0:00:02"]

1. Nf3 d5 2. g3 Nf6 3. Bg2 e6 4. O-O c5 5. c4 d4 6. e3 Nc6 7. exd4 cxd4 8. d3 h6 9. Bf4 Bd6 10. Bxd6 Qxd6 11. a3 a5 12. Nbd2 O-O 13. Rc1 Nd7 14. Ne4 Qe7 15. c5 f5 16. Nd6 Nxc5 17. Nc4 Nd7 18. Re1 a4 19. Qd2 Nc5 20. Rcd1 Nb3 21. Qf4 Qf6 22. h4 Rd8 23. Nb6 Ra6 24. Nc4 b5 25. Nce5 Nxe5 26. Nxe5 g5 27. hxg5 hxg5 28. Qf3 Rb6 29. g4 Bb7 30. Qg3 f4 31. Qh3 Bxg2 32. Kxg2 Rb7 33. Qf3 Rh7 34. Nc6 Rc8 35. Nb4 Qh8 36. Rh1 Rxh1 37. Rxh1 Qe5 38. Qb7 Qc7 39. Qe4 Qf7 40. Rh5 Qf6 41. Qb7 Rd8 42. Qh7+ Kf8 43. Nc6 Re8 44. Rh6 f3+ 45. Kg3 Qg7 46. Ne5 Qxh7 47. Rxh7 Rc8 48. Kxf3 Rc2 49. Nd7+ Ke8 50. Nf6+ Kd8 51. Ke4 Rxf2 52. Ke5 Nc5 0-1


[Site "https://www.chess.com"]

[Event "Titled Tuesday Blitz April 18 Late 2023"]
[White "Naroditsky, Daniel"]
[Black "Prohaszka, Peter"]
[WhiteFideId "2026961"]
[BlackFideId "726265"]
[WhiteElo "2633"]
[BlackElo "2626"]
[Result "1-0"]
[Round "10"]
[TimeControl "180+2"]
[Date "2023.04.18"]
[WhiteClock "0:00:12"]
[BlackClock "0:00:09"]

1. d4 d5 2. Nc3 c6 3. Bf4 Bf5 4. e3 e6 5. Nf3 Bd6 6. Ne5 h5 7. Bd3 g5 8. Bxf5 exf5 9. Qd3 gxf4 10. Qxf5 Nh6 11. Qxh5 fxe3 12. fxe3 Nd7 13. O-O-O Bxe5 14. dxe5 Qe7 15. e4 d4 16. Rxd4 Qxe5 17. Qd1 O-O-O 18. Qd2 Ng4 19. Rd1 Qe7 20. h3 Nge5 21. Qf2 Rdg8 22. Kb1 Qg5 23. R4d2 Qf6 24. Qxa7 Qd8 25. Rd4 Qb6 26. Qa3 Rd8 27. Na4 Qa6 28. Qb3 b5 29. Nc3 Nc5 30. Qb4 Rxd4 31. Qxd4 Ncd7 32. Qd6 Re8 33. Nd5 Qb7 34. Ne7+ Kd8 35. Nf5 Qc7 36. Qa3 Qb8 37. Nd6 Rf8 38. Qa5+ Qc7 39. Qc3 Qb6 40. Nf5 Kc7 41. Qa3 Re8 42. Qd6+ Kb7 43. Qd2 Kb8 44. Qd6+ Qc7 45. Qd4 f6 46. h4 Rf8 47. h5 c5 48. Qd5 c4 49. Qxb5+ Qb7 50. Qa5 Rc8 51. Nd6 Qc7 52. Qb5+ Qb6 53. Qxb6+ Nxb6 54. Nxc8 Nxc8 55. h6 Ng6 56. h7 Nce7 57. h8=Q+ Nxh8 58. Rd8+ Kc7 59. Rxh8 Kd6 60. a4 Nc6 61. Rh6 Ke5 62. b3 cxb3 63. cxb3 Nd4 64. Kb2 Kxe4 65. a5 f5 66. a6 Nb5 67. Rb6 Na7 68. Rb7 Nc6 69. a7 Nxa7 70. Rxa7 Kf4 71. Rf7 Kg3 72. Rxf5 Kxg2 73. b4 Kg3 74. b5 Kg4 75. Rf1 1-0


[Site "https://www.chess.com"]